 Dungeon Crawl Stone Soup version 0.31.0-11-ge490571c62 (webtiles) character file.

Game seed: 5755410270417593407

760 olmar the Ruffian (level 7, -3/61 HPs)
             Began as a Naga Shapeshifter on Feb 4, 2024.
             Was an Initiate of Gozag.
             Shot with an arrow by a centaur (11 damage)
             ... on level 5 of the Dungeon.
             The game lasted 00:05:38 (3627 turns).

olmar the Ruffian (Naga Shapeshifter)               Turns: 3627, Time: 00:05:38

Health: -3/61      AC:  4    Str: 24    XL:     7   Next: 80%
Magic:  7/7        EV: 15    Int: 10    God:    Gozag
Gold:   217        SH:  0    Dex: 11    Spells: 6/6 levels left

rFire   . .          .
                       - Unarmed
rCold   . . .        (no shield)
rNeg    . . .        a - +1 animal skin
rPois   +            (helmet currently unavailable)
rElec   .            (cloak currently unavailable)
rCorr   .            (gloves currently unavailable)
SInv    +            (no barding)
Will    .....        (no amulet)
Stlth   ++           j - +5 ring of evasion
HPRegen 0.30/turn    l - +6 ring of strength
MPRegen 0.10/turn

%: no passive effects
@: short of breath, beast-form, gold aura, very slow
A: beast (slay +2), AC +2, large, see invisible, deformed body, poison
resistance, slowness 2, spit poison 1, naga tail 1
a: Spit Poison, Begin Untransformation, Renounce Religion, Potion Petition, Call
Merchant, Bribe Branch


You were on level 5 of the Dungeon.
You worshipped Gozag.
Gozag was aware of your devotion.
You were a hulking beast.
You visited 2 branches of the dungeon, and saw 6 of its levels.

You collected 290 gold pieces.
You paid 73 gold pieces to Gozag.

Inventory:

Missiles
 t - 2 darts of dispersal
Armour
 a - a +1 animal skin (worn)
 d - a +0 helmet
Jewellery
 j - a +5 ring of evasion (left hand)
 l - a +6 ring of strength (right hand)
 n - a ring of resist corrosion
 v - an amulet of reflection
Talismans
 c - a beast talisman
 i - a flux talisman
Wands
 f - a wand of flame (6)
 p - a wand of polymorph (4)
 u - a wand of mindburst (14)
Scrolls
 g - 2 scrolls of blinking {unknown}
 h - a scroll of enchant armour
 k - a scroll of poison {unknown}
 o - a scroll of brand weapon {unknown}
 r - a scroll of teleportation {unknown}
 s - a scroll of vulnerability {unknown}
Potions
 b - a potion of lignification
 e - a potion of mutation
 m - a potion of berserk rage {unknown}
 q - a potion of magic {unknown}


   Skills:
 + Level 2.5 Fighting
 + Level 3.2 Dodging
 + Level 2.8 Stealth
 + Level 6.6 Unarmed Combat
 - Level 0.4 Evocations
 + Level 4.2 Shapeshifting


You had 6 spell levels left.
You didn't know any spells.
Your spell library contained the following spells:

 Spells                   Type           Power      Damage    Failure   Level
 Ensorcelled Hibernation  Hex/Ice        0%         N/A       50%         2
 Fugue of the Fallen      Necr           0%         N/A       75%         3
 Anguish                  Hex/Necr       0%         N/A       98%         4
 Malign Gateway           Summ/Tloc      0%         N/A       100%        7
 Summon Horrible Things   Summ           0%         N/A       100%        8


Dungeon Overview and Level Annotations

Branches:
Dungeon (5/15)             Temple (1/1) D:4

Altars:
Ashenzari
Cheibriados
Elyvilon
Fedhas
Gozag
Hepliaklqana
Kikubaaqudgha
Okawaru
Qazlal
Trog
Uskayaw
Vehumet
Wu Jian
Yredelemnul
Zin


Innate Abilities, Weirdness & Mutations

You are a hulking beast.
Your limbs bulge with bestial killing power. (Slay +2)
Your serpentine skin is tough. (AC +2)
You have supernaturally acute eyesight. (SInv)
Armour fits poorly on your strangely shaped body.
Your system is resistant to poisons. (rPois)
You cover ground very slowly.
You can spit poison.
You have a snake-like lower body.


Message History

The jackal misses you.
You punch the jackal!
You kill the jackal!
Unknown command.
Unknown command.
No target in view!
No target in view!
Unknown command.
Found a ring mail.
You now have 217 gold pieces (gained 20).
A centaur comes into view.
The centaur wields a +0 orcbow.
The centaur shoots an arrow.
The arrow hits you!
A centaur is nearby!
The centaur shoots an arrow.
The arrow hits you.
The splash of poison hits the centaur!
The centaur is moderately wounded.
The centaur shoots an arrow.
The arrow hits you!
The centaur shoots an arrow.
The arrow hits you!
Unknown command.
A centaur is nearby!
Okay, then.
Unknown command.
Aiming: Mindburst
Press: ? - help, Shift-Dir - straight line, f/p - centaur
Aim: a centaur, wielding a +0 orcbow (moderately wounded, chance to affect: 66%)
The centaur's mind is blasted!
The centaur shoots an arrow.
The arrow barely misses you.
Unknown command.
Unknown command.
Aiming: Mindburst
Press: ? - help, Shift-Dir - straight line, f/p - centaur
Aim: a centaur, wielding a +0 orcbow (severely wounded, chance to affect: 66%)
The centaur struggles to resist.
The centaur shoots an arrow.
The arrow hits you!
* * * LOW HITPOINT WARNING * * *
A sleepcap comes into view.
The centaur shoots an arrow.
The arrow hits you!
You die...
Your body crumbles into a pile of gold.

...... .....
._.... ......
...#..####.....
.......<...#
.P.......######..#
.P...............#
.P...$<...........
.P.>....#........#
.....#).h.##.....#
........### ..##.#
.P...#.## .## .
.P...#. # .P.. [.
.P.


fc. ....... ..# You could see a sleepcap and a centaur.

Vanquished Creatures
  3 scorpions
  2 necrophages (D:4)
  A water moccasin zombie (D:4)
  A bombardier beetle (D:4)
  A human zombie (D:4)
  A jelly (D:4)
  Jessica (D:3)
  3 orc wizards (D:4)
  A hound zombie (D:4)
  3 mummies (D:4)
  A gnoll (D:3)
  4 adders
  2 adder zombies (D:4)
  A ribbon worm (D:2)
  5 dart slugs
  4 orcs
  8 endoplasms
  3 giant cockroaches
  7 goblins
  9 hobgoblins
  10 jackals
  A quokka (D:4)
  7 ball pythons
  5 bats
  2 frilled lizards
  5 kobolds
  2 quokka zombies (D:4)
  6 rats
99 creatures vanquished.

Notes
Turn   | Place    | Note
-------+----------+-------------------------------------------
     0 | D:1      | olmar the Naga Shapeshifter began the quest for the Orb.
     0 | D:1      | Reached XP level 1. HP: 18/18 MP: 1/1
   136 | D:1      | Reached XP level 2. HP: 10/25 MP: 2/2
   304 | D:1      | Found a faded altar of an unknown god.
   434 | D:1      | Reached XP level 3. HP: 24/31 MP: 3/3
  1033 | D:2      | Reached XP level 4. HP: 38/38 MP: 4/4
  1125 | D:2      | Reached skill level 4 in Unarmed Combat
  1482 | D:3      | Noticed Terence
  1494 | D:3      | Terence changed into Terence the gnoll
  1494 | D:3      | Noticed Terence
  1495 | D:3      | Killed Terence the gnoll
  1594 | D:3      | Noticed a scorpion
  1605 | D:3      | Noticed Jessica
  1613 | D:3      | Killed a scorpion
  1614 | D:3      | Reached skill level 1 in Stealth
  1614 | D:3      | Reached XP level 5. HP: 24/45 MP: 5/5
  1616 | D:3      | Killed Jessica
  2197 | D:3      | Found a glowing silver altar of Zin.
  2307 | D:4      | Reached skill level 5 in Unarmed Combat
  2307 | D:4      | Reached XP level 6. HP: 44/52 MP: 6/6
  3049 | D:4      | Reached XP level 7. HP: 47/60 MP: 7/7
  3153 | D:4      | Found a basalt altar of Yredelemnul.
  3165 | D:4      | Reached skill level 6 in Unarmed Combat
  3392 | D:4      | Found a staircase to the Ecumenical Temple.
  3407 | Temple   | Entered the Ecumenical Temple
  3427 | Temple   | Became a worshipper of Gozag Ym Sagoz the Greedy
  3611 | D:5      | Entered Level 5 of the Dungeon
  3611 | D:5      | Found an ornate altar of the Wu Jian Council.
  3627 | D:5      | Shot with an arrow by a centaur

Illustrated notes

Levels and vault maps discovered:
D:1:      amcnicky_arrival_double_pillar, layout_basic,
          chequers_ecumenical_altar_simple
D:2:      layout_basic
D:3:      layout_basic, zin_academy, uniq_jessica, uniq_terence
D:4:      layout_basic, lemuel_mausoleum_altar_yredelemnul,
          minmay_temple_entry_offerings
D:5:      layout_rooms, mainiacjoe_overflow_boulevard,
          nemelex_dance_club_becter, nicolae_overflow_hallway_of_the_gods,
          gammafunk_ghost_hive, chequers_serial_rivers_small_b
Temple:   chequers_temple_sunken

Skill      XL: |  1  2  3  4  5  6  7 |
---------------+----------------------+-----
Dodging        | 2 3 |  3.2
Unarmed Combat | 4 5 6 |  6.6
Stealth        | 1 2 |  2.8
Fighting       | 2 |  2.5
Shapeshifting  | 4 |  4.2
Evocations     | |  0.4

Action                     |  1- 3 |  4- 6 |  7- 9 || total
---------------------------+-------+-------+-------++-------
  Melee: Unarmed           |    91 |   128 |    71 ||   290
         Punch             |     3 |     1 |     1 ||     5
Ability: Spit Poison       |    14 |    12 |     3 ||    29
  Evoke: Wand              |       |     3 |     2 ||     5
    Use: Scroll            |       |     3 |       ||     3
         Potion            |       |     1 |       ||     1
   Stab: Sleeping          |       |     2 |     5 ||     7
 Armour: Animal skin       |    43 |    83 |    30 ||   156
  Dodge: Dodged            |    44 |    88 |    28 ||   160
